 Dungeon Sprint DCSS version 0.30.1-11-g7821555f0a (webtiles) character file.

Game seed: 1211269466301148701

37 Groucho the Ducker (level 3, -2/28 HPs)
             Began as a Spriggan Fighter on Jan 4, 2024.
             Slain by an iguana (11 damage)
             ... in the Dungeon (Sprint IX: "|||||||||||||||||||||||||||||").
             The game lasted 00:01:03 (34 turns).

Groucho the Ducker (Spriggan Fighter)                 Turns: 34, Time: 00:01:04

Health: -2/28      AC:  2    Str: 12    XL:     3   Next: 21%
Magic:  2/5        EV: 18    Int:  9    God:
Gold:   0          SH:  5    Dex: 16    Spells: 2/2 levels left

rFire   . . .        a - +0 rapier
rCold   . . .        c - +0 buckler
rNeg    . . .        b - +0 robe
rPois   .            (helmet restricted)
rElec   .            (no cloak)
rCorr   .            (gloves unavailable)
SInv    +            (boots unavailable)
Will    .....        (no amulet) Stlth
                     (no ring)
HPRegen 0.24/turn    (no ring)
MPRegen 0.09/turn

%: no teleportation
@: berserking (expiring), very quick
A: very small, no large weapons, unfitting armour, see invisible, speed 3
a: no special abilities


You were in the Dungeon.
You visited 1 branch

Inventory:

Hand Weapons
 a - a +0 rapier (weapon)
Armour
 b - a +0 robe (worn)
 c - a +0 buckler (worn)
Scrolls
 j - a scroll of blinking
Potions
 d - a potion of might
 e - a potion of curing
 g - a potion of haste
 h - 2 potions of magic


   Skills:
 + Level 2.9 Fighting
 * Level 3.7 Short Blades
 + Level 4.8 Dodging
 * Level 4.2 Stealth
 * Level 3.1 Shields
 * Level 2.5 Invocations


You had 2 spell levels left.
You didn't know any spells.
Your spell library was empty.

Dungeon Overview and Level Annotations

Branches:
Dungeon (1/1)

Altars:


Innate Abilities, Weirdness & Mutations

You are very small and have problems with some larger weapons.
You are too small for most types of armour.
You have supernaturally acute eyesight. (SInv)
You cover ground extremely quickly. (Speed+++)


Message History

The ufetubus closely misses you.
A red film seems to cover your vision as you go berserk!
You feel yourself moving faster!
You feel mighty! The ufetubus hits you.
* * * LOW HITPOINT WARNING * * *
You block the ufetubus's attack.
You are too injured to fight recklessly!
You are too injured to fight recklessly!
You are too injured to fight recklessly!
You are too injured to fight recklessly!
Unknown command.
You puncture the ufetubus!
You kill the ufetubus!
Your Short Blades skill increases to level 3!
You have reached level 2!
Unknown command.
You puncture the iguana!
The iguana is heavily wounded.
The iguana barely misses you.
You barely miss the iguana.
The iguana is heavily wounded.
You hit the iguana.
The iguana is severely wounded.
The iguana barely misses you.
You puncture the iguana!
You kill the iguana!
Your Stealth skill gained 2 levels and is now at level 4!
Your Shields skill increases to level 3!
Your Invocations skill increases to level 2!
You have reached level 3!
Your experience leads to an increase in your attributes!
Increase (S)trength, (I)ntelligence, or (D)exterity?
You feel agile. x2
Unknown command.
You closely miss the iguana. The iguana misses you.
You hit the iguana.
The iguana is lightly wounded.
You puncture the iguana!
The iguana is severely wounded.
The iguana bites you!
You die... ▓▓▓▓▓▓▓▓▓▓▓▓▓▓▓▓▓▓ +....ll@...†'...<▓ ▓▓▓▓▓▓▓▓▓▓▓▓▓▓▓▓▓▓

You could see 2 iguanas.

Vanquished Creatures
  An iguana (D)
  An ufetubus (D)
  A hobgoblin (D)
  A jackal (D)
  A ball python (D)
  3 rats (D)
8 creatures vanquished.

Notes
Turn   | Place    | Note
-------+----------+-------------------------------------------
     0 | D        | Groucho the Spriggan Fighter began the quest for the Orb.
     0 | D        | Reached XP level 1. HP: 11/11 MP: 2/2
     8 | D        | Reached skill level 1 in Stealth
    13 | D        | Reached skill level 1 in Invocations
    19 | D        | Noticed an iguana
    19 | D        | Noticed an iguana
    19 | D        | Noticed an iguana
    28 | D        | Reached XP level 2. HP: 7/16 MP: 2/4
    32 | D        | Reached XP level 3. HP: 9/19 MP: 2/5
    34 | D        | Slain by an iguana

Illustrated notes

Levels and vault maps discovered:
D:        linesprint [early_d, line_temple, items_1, d_10, items_2, lair_1,
          lair_end, items_3, orc_1, orc_end, items_4, d_15, swamp_1, shoals_1,
          snake_1, spider_1, d_20, vaults_1, items_5, swamp_end, shoals_end,
          snake_end, spider_end, vaults_end, d_27, items_6, zot_1, zot_end,
          crypt_end, forest_end, elf_end, slime_end, tomb_end, abyss_end,
          pan_hell_end]

Skill      XL: |  1  2 |
---------------+-------+-----
Stealth        | 2 4 |  4.2
Invocations    | 1 2 |  2.5
Short Blades   | 3 |  3.7
Shields        | 3 |  3.1
Fighting       | |  2.9
Dodging        | |  4.8

Action                     || total
---------------------------++-------
  Melee: Rapier            ||    22
    Use: Potion            ||     2
  Dodge: Dodged            ||    15
  Block: Buckler           ||     6
